 Dungeon Crawl Stone Soup version 0.24.0-7-gb3623d2c88 (webtiles) character file.

Game seed: 9425336114541074584, levelgen mode: deterministic

144 Emblim88 the Shooter (level 5, 0/46 HPs)
             Began as a Centaur Hunter on Nov 2, 2019.
             Succumbed to an adder's poison
             ... on level 3 of the Dungeon.
             The game lasted 00:04:21 (3235 turns).

Emblim88 the Shooter (Centaur Hunter)               Turns: 3235, Time: 00:04:21

Health: 0/46       AC:  4    Str: 14 (15) XL:     5   Next: 5%
Magic:  5/5        EV:  9    Int: 13 (15) God:
Gold:   94         SH:  0    Dex:  8 (10) Spells: 4/4 levels left

rFire    . . .     SeeInvis .   b - +0 short sword
rCold    . . .     Gourm    .   (no shield)
rNeg     . . .     Faith    .   c - +0 leather armour
rPois    .         Spirit   .   (no helmet)
rElec    .         Reflect  .   (no cloak)
rCorr    .         Harm     +   (no gloves)
MR       .....                  (no barding)
Stlth    +.........             e - amulet of harm
HPRegen  0.15/turn              (no ring)
MPRegen  0.09/turn              (no ring)

@: brilliant, lethally poisoned (0 -> -4), flying, hasted, very quick
A: large, hooves 3, deformed body, speed 2, tough skin 3
a: no special abilities


You were on level 3 of the Dungeon.
You were not hungry.

You visited 1 branch of the dungeon, and saw 3 of its levels.

You collected 94 gold pieces.

Inventory:

Hand Weapons
 a - a +1 shortbow
 b - a +0 short sword (weapon)
 k - a +0 hunting sling
Missiles
 d - 3 arrows
 m - 66 stones (quivered)
Armour
 c - a +0 leather armour (worn)
Jewellery
 e - an amulet of harm (around neck)
Scrolls
 g - a scroll of enchant armour {unknown}
 h - 2 scrolls of amnesia {unknown}
 l - a scroll of remove curse {unknown}
 p - 2 scrolls of teleportation {unknown}
 q - a scroll of identify {unknown}
Comestibles
 f - 4 rations


   Skills:
 + Level 3.8 Fighting
 * Level 1.9 Slings
 - Level 6.6 Bows
 - Level 1.3 Dodging
 - Level 0.4 Stealth


You had 4 spell levels left.
You didn't know any spells.
Your spell library was empty.

Dungeon Overview and Level Annotations

Branches:
Dungeon (3/15)

Altars:


Innate Abilities, Weirdness & Mutations

You have hooves in place of feet.
Armour fits poorly on your strangely shaped body.
You cover ground very quickly.
You have extremely tough skin. (AC +3)


Message History

* * * LOW HITPOINT WARNING * * *
You feel sick.
There is a lethal amount of poison in your body!
There is a lethal amount of poison in your body!
It was a potion of flight.
You feel very buoyant.
You fly up into the air.
* * * LOW HITPOINT WARNING * * *
You feel sick.
It was a potion of degeneration.
There was something very wrong with that liquid.
You feel weakened.
You feel dopey.
You feel clumsy.
It was a potion of haste.
You feel yourself speed up.
* * * LOW HITPOINT WARNING * * *
You feel sick.
It was a potion of brilliance.
You feel clever all of a sudden.
There is a lethal amount of poison in your body!
There is a lethal amount of poison in your body!
You die...

#..#.###.#.#...#
#....###########
#....#≈≈≈#
#...÷#≈#(#
#...≈#†#≈#
#..≈≈≈≈#≈(
##..≈#≈#≈##
#..≈≈†#≈≈
#...#@###
#..≈≈≈# #...≈≈#
#######


There were no monsters in sight!

Vanquished Creatures
  4 adders
  2 river rats (D:3)
  3 worms (D:3)
  A dart slug (D:2)
  4 leopard geckos
  5 bats
  8 giant cockroaches
  6 hobgoblins
  7 jackals
  4 quokkas
  6 frilled lizards
  4 goblins (D:1)
  12 kobolds
  10 rats
76 creatures vanquished.

Notes
Turn   | Place    | Note
-------+----------+-------------------------------------------
     0 | D:1      | Emblim88 the Centaur Hunter began the quest for the Orb.
     0 | D:1      | Reached XP level 1. HP: 17/17 MP: 1/1
   143 | D:1      | Reached XP level 2. HP: 19/25 MP: 2/2
   705 | D:1      | Reached skill level 6 in Bows
   752 | D:1      | Reached XP level 3. HP: 24/30 MP: 3/3
  2044 | D:2      | Reached XP level 4. HP: 29/38 MP: 4/4
  2897 | D:3      | Reached skill level 1 in Slings
  3229 | D:3      | Reached XP level 5. HP: 3/46 MP: 5/5
  3229 | D:3      | HP: 2/46 [poisoned by an adder]
  3235 | D:3      | Succumbed to an adder's poison

Levels and vault maps discovered:
D:1:      kennysheep_arrival_seaside, layout_basic
D:2:      kb_forest_paths, layout_basic, first_ration, serial_corexii_hall,
          corexii_hall_statues_i, corexii_hall_statues_x
D:3:      layout_basic, chequers_ecumenical_altar_island,
          lightli_sewer_entry_pipes, gammafunk_ghost_arena

Skill      XL: |  1  2  3  4 |
---------------+-------------+-----
Bows           | 6 |  6.6
Fighting       | 3 |  3.8
Slings         | 1 |  1.9
Dodging        | |  1.3
Stealth        | |  0.4

Action                   |  1- 3 |  4- 6 || total
-------------------------+-------+-------++-------
Melee: Short sword       |    69 |    14 ||    83
       Kick              |     9 |     4 ||    13
 Fire: Shortbow          |   100 |     4 ||   104
       Hunting sling     |       |    96 ||    96
Throw: Stone             |    10 |     9 ||    19
  Use: Potion            |       |     4 ||     4
  Eat: Ration            |     1 |       ||     1
       Chunk             |       |     2 ||     2
Armor: Leather armour    |    57 |    28 ||    85
Dodge: Dodged            |    69 |    58 ||   127
